 Dungeon Crawl Stone Soup version 0.31.0-11-ge490571c62 (console) character file.

Game seed: 7720992581611300802

10 zenocrate the Sneak (level 2, 0/16 HPs)
             Began as a Vine Stalker Delver on Feb 1, 2024.
             Succumbed to a scorpion's poison
             ... on level 5 of the Dungeon.
             The game lasted 00:00:22 (48 turns).

zenocrate the Sneak (Vine Stalker Delver)             Turns: 48, Time: 00:00:23

Health: 0/16       AC:  3    Str: 14    XL:     2   Next: 20%
Magic:  3/3        EV: 11    Int: 10    God:
Gold:   0          SH:  0    Dex: 15    Spells: 1/1 levels left

rFire   . . .        a - +0 short sword
rCold   . . .        (no shield)
rNeg    . . .        b - +0 leather armour
rPois   .            (no helmet)
rElec   .            (no cloak)
rCorr   .            (no gloves)
SInv    .            (no boots)
Will    .....        (no amulet)
Stlth   +++          (no ring)
HPRegen 1.02/turn    (no ring)
MPRegen 0.08/turn

%: guardian spirit
@: lethally poisoned (0 -> -5)
A: fangs 2, regeneration 1, magic shield, antimagic bite, no potion heal 2
a: no special abilities


You were on level 5 of the Dungeon.
You visited 1 branch of the dungeon, and saw 1 of its levels.

Inventory:

Hand Weapons
 a - a +0 short sword (weapon)
Armour
 b - a +0 leather armour (worn)
Wands
 g - a wand of digging (3)
Scrolls
 c - a scroll of fog
 d - a scroll of revelation
 e - a scroll of fear
Potions
 f - a potion of haste


   Skills:
 - Level 2.6 Fighting
 + Level 2.2 Short Blades
 - Level 1.5 Dodging
 + Level 6.3 Stealth


You had one spell level left.
You didn't know any spells.
Your spell library was empty.

Dungeon Overview and Level Annotations

Branches:
Dungeon (5/15)
 Temple: D:4-7

Altars:


Innate Abilities, Weirdness & Mutations

You have extremely sharp teeth.
Your natural rate of healing is unusually fast.
When hurt, damage is shared between your health and your magic reserves.
Your bite disrupts and absorbs the magic of your enemies.
Potions cannot restore your health.


Message History

The scorpion is lightly wounded.
You feel sick. The scorpion barely misses you.
Unknown command.
You hit the scorpion.
You bite the scorpion, but do no damage.
The scorpion is moderately wounded.
You feel sick.
The scorpion stings you but does no damage.
Unknown command.
You hit the scorpion. You bite the scorpion. You drain its power.
You feel invigorated.
The scorpion is severely wounded.
You feel sick. The scorpion stings you.
Unknown command.
You closely miss the scorpion. You bite the scorpion. You drain its power.
The scorpion is severely wounded.
You feel sick. The scorpion closely misses you.
Unknown command.
You closely miss the scorpion.
You bite the scorpion, but do no damage.
The scorpion is severely wounded.
You feel sick. The scorpion barely misses you.
Unknown command.
You hit the scorpion.
You bite the scorpion, but do no damage.
The scorpion is almost dead.
You feel sick. The scorpion stings you.
* * * LOW HITPOINT WARNING * * *
You are lethally poisoned!
The scorpion poisons you!
Unknown command.
You hit the scorpion.
The scorpion is almost dead.
* * * LOW HITPOINT WARNING * * *
You feel very sick. The scorpion misses you.
Unknown command.
Okay, then.
You hit the scorpion.
You kill the scorpion!
You die...

##### . #...#
..#...# #.#...####
......)..#########
.................#
....>....#######.#
#......### #.#
.......# #@#
##.....# ####†####
####### #.......#
#.##.##.# # #.# #
..# #.## .. ...
... ....


There were no monsters in sight!

Vanquished Creatures
  A scorpion (D:5)
  An adder (D:5)
  A quokka (D:5)
3 creatures vanquished.

Notes
Turn   | Place    | Note
-------+----------+-------------------------------------------
     0 | D:5      | zenocrate the Vine Stalker Delver began the quest for the
                  | Orb.
     0 | D:5      | Reached XP level 1. HP: 11/11 MP: 2/2
    16 | D:5      | Noticed a scorpion
    31 | D:5      | Reached XP level 2. HP: 15/16 MP: 3/3
    48 | D:5      | Killed a scorpion
    48 | D:5      | Succumbed to a scorpion's poison

Illustrated notes

Levels and vault maps discovered:
D:5:      layout_loops_cross, minmay_misc_feat_plants, uniq_duvessa,
          uniq_menkaure, uniq_prince_ribbit1

Skill      XL: |  1 |
---------------+----+-----
Short Blades   | 2 |  2.2
Fighting       | |  2.6
Dodging        | |  1.5
Stealth        | |  6.3

Action                     || total
---------------------------++-------
  Melee: Short sword       ||    28
         Bite              ||     8
 Armour: Leather armour    ||    11
  Dodge: Dodged            ||    17
